 Dungeon Crawl Stone Soup version 0.30.1-1-g62c8e00024 (webtiles) character file.

Game seed: 15274682712244502589

13363 cdecastro the Grappler (level 11, -4/119 HPs)
             Began as a Troll Fighter on July 16, 2023.
             Was a High Priest of Elyvilon.
             Slain by Snorg (5 damage)
             ... on level 10 of the Dungeon.
             The game lasted 00:54:07 (9877 turns).

cdecastro the Grappler (Troll Fighter)              Turns: 9877, Time: 00:54:07

Health: -4/119     AC:  9    Str: 26    XL:     11   Next: 74%
Magic:  10/10      EV:  8    Int:  4    God:    Elyvilon [*****.]
Gold:   68         SH:  8    Dex: 13    Spells: 10/10 levels left

rFire   . .          .
                       - Unarmed
rCold   . . .        b - +0 kite shield
rNeg    . . .        J - +0 acid dragon scales
rPois   .            (helmet restricted)
rElec   .            w - +0 cloak
rCorr   +            (gloves unavailable)
SInv    +            (boots unavailable)
Will    +....        (no amulet)
Stlth   +            R - ring of willpower
HPRegen 1.19/turn    k - ring of see invisible
MPRegen 0.12/turn

%: no passive effects
@: no status effects
A: large, unfitting armour, claws 3, regeneration 1, shaggy fur 1, tough skin 1
a: Renounce Religion, Purification, Heal Other, Heal Self, Divine Vigour


You were on level 10 of the Dungeon.
You worshipped Elyvilon.
Elyvilon was extremely pleased with you.
You visited 2 branches of the dungeon, and saw 11 of its levels.
You also visited: Bailey.

You collected 571 gold pieces.
You spent 503 gold pieces at shops.

Inventory:

Hand Weapons
 a - a +4 dagger of venom
Missiles
 s - 4 poisoned darts (quivered)
 u - 4 large rocks
 y - 3 javelins
 L - 14 boomerangs
 N - a datura-tipped dart
 S - 4 curare-tipped darts
Armour
 b - a +0 kite shield (worn)
 w - a +0 cloak (worn)
 J - +0 acid dragon scales (worn)
Jewellery
 i - a +6 ring of strength
 k - a ring of see invisible (right claw)
 P - a ring of poison resistance
 R - a ring of willpower (left claw)
Wands
 m - a wand of polymorph (3)
 t - a wand of charming (6)
 I - a wand of mindburst (13)
 K - a wand of iceblast (2)
 O - a wand of flame (24)
Scrolls
 d - 2 scrolls of summoning {unknown}
 g - 3 scrolls of amnesia {unknown}
 j - 3 scrolls of enchant armour {unknown}
 l - 2 scrolls of immolation
 o - 2 scrolls of fear {unknown}
 p - 2 scrolls of poison {unknown}
 r - a scroll of silence {unknown}
 x - a scroll of vulnerability {unknown}
 z - 4 scrolls of magic mapping
 D - 2 scrolls of noise {unknown}
 E - a scroll of enchant weapon {unknown}
 M - 3 scrolls of fog {unknown}
Potions
 c - 2 potions of might
 f - 2 potions of brilliance
 h - 8 potions of attraction
 n - 4 potions of heal wounds
 q - 2 potions of haste
 v - a potion of magic
 A - 3 potions of curing
 B - 2 potions of degeneration
 F - a potion of lignification
 G - a potion of resistance
 H - a potion of flight
 Q - a potion of mutation
 T - a potion of cancellation
Miscellaneous
 e - a lightning rod (4/4)


   Skills:
 - Level 10.4 Fighting
 - Level 9.2 Throwing
 * Level 2.4 Dodging
 - Level 2.6 Shields
 + Level 11.3 Unarmed Combat


You had 10 spell levels left.
You didn't know any spells.
Your spell library contained the following spells:

 Spells                   Type           Power      Damage    Failure   Level
 Cigotuvi's Dreadful Rot  Necr/Pois/Air  0%         N/A       92%         2
 Sublimation of Blood     Necr           0%         N/A       92%         2
 Ignite Poison            Fire/Tmut/Pois 0%         N/A       99%         3
 Petrify                  Tmut/Erth      0%         N/A       100%        4
 Freezing Cloud           Conj/Ice/Air   0%         6-21      100%        5
 Irradiate                Conj/Tmut      0%         3d11      100%        5


Dungeon Overview and Level Annotations

Branches:
Dungeon (10/15)            Temple (1/1) D:6          Bailey (visited)
   Lair: D:8-11         Orc: D:9-12

Altars:
Ashenzari
Cheibriados
Dithmenos
Elyvilon
Fedhas
Gozag
Hepliaklqana
Kikubaaqudgha
Makhleb
Nemelex Xobeh
Okawaru
Qazlal
Ru
Sif Muna
Trog
Uskayaw
Vehumet
Wu Jian
Xom
Zin
The Shining One

Shops:
D:3 [   D:5 *   D:8 (

Annotations:
D:6 2 transporters, jujuben's ghost, novice GrGl
D:9 1 runed translucent door, Wiggles's ghost, novice MiBe
D:10 Erolcha; Snorg


Innate Abilities, Weirdness & Mutations

You are too large for most types of armour.
You have claws for hands.
Your natural rate of healing is unusually fast.
You are covered in fur. (AC +1)
You have tough skin. (AC +1)


Message History

You claw Snorg!
Snorg is moderately wounded.
You block Snorg's attack. x2; Snorg claws you!
The gnoll hits you from afar with a +0 spear.
Unknown command.
Unknown command.
Unknown command.
Unknown command.
You claw Snorg!
Snorg is heavily wounded.
You block Snorg's attack. Snorg claws you. You block Snorg's attack.
Snorg bites you! Snorg claws you! x2
* * * LOW HITPOINT WARNING * * *
Unknown command.
You scratch Snorg.
Snorg is heavily wounded.
The gnoll hits you but does no damage. You block Snorg's attack.
Snorg claws you!
* * * LOW HITPOINT WARNING * * *
You block Snorg's attack.
Unknown command.
You mangle Snorg!!
Snorg is severely wounded.
Snorg bites you but does no damage. Snorg claws you!
* * * LOW HITPOINT WARNING * * *
You block Snorg's attack.
The gnoll hits you from afar with a +0 spear.
* * * LOW HITPOINT WARNING * * *
You mangle Snorg!!
Snorg is almost dead.
Snorg bites you!
* * * LOW HITPOINT WARNING * * *
Snorg claws you.
* * * LOW HITPOINT WARNING * * *
You block Snorg's attack. The gnoll closely misses you. Snorg bites you!!
Elyvilon protects you from harm! Snorg claws you.
* * * LOW HITPOINT WARNING * * *
Snorg claws you.
You die...

.....##. #.##<.....#
.... #.##..$...# #.####
#.##......# #)...##
#.######### #.##..# #.#
#.###.# #.# #.# #.# #g#
#.# #.####T#####
###.###....@.....#
#.....##.........#
######.....###........#
...........# #........#
######.....# #........#
#.....# ##########
#.....# #######


You could see Snorg (berserk, poisoned) and a gnoll.

Vanquished Creatures
  Josephine (D:10)
  2 vault guards (Bailey)
  Erica (D:10)
  2 death yaks (D:9)
  Pikel (D:6)
  A deep elf pyromancer (D:10)
  A centaur zombie (D:10)
  A kobold demonologist (D:10)
  An unseen horror (D:10)
  An unseen horror zombie (D:10)
  Psyche (D:10)
  A hornet (D:6)
  A meliai zombie (D:10)
  Sigmund (D:3)
  A shadow (D:8)
  The ghost of bahustanut the Cudgeller, an amateur TrBe of Trog (D:4)
  3 wraiths (D:10)
  2 humans (Bailey)
  4 yaks
  2 steam dragons
  4 vampire mosquitoes
  Menkaure (D:6)
  2 acid dragons
  A water moccasin (D:8)
  A floating eye (D:9)
  3 orc warriors
  A sky beast (D:7)
  An ice beast (D:9)
  A black bear (D:8)
  A centaur (D:8)
  A lemure (D:5)
  A kobold brigand (D:9)
  A phantom (D:5)
  12 bullfrogs
  3 scorpions
  4 wights (D:8)
  9 killer bees
  3 howler monkeys
  A crimson imp (D:8)
  A jelly (D:5)
  3 hounds (D:6)
  7 orc priests
  A gnoll bouda (D:6)
  Ijyb (D:3)
  2 iguanas
  4 orc wizards
  4 hell rats
  10 adders
  6 gnolls
  A shadow imp (D:6)
  A white imp (D:8)
  An ufetubus (D:6)
  3 worms
  5 dart slugs
  29 orcs
  5 bats
  6 endoplasms
  2 giant cockroaches
  6 hobgoblins
  12 jackals
  15 kobolds
  5 quokkas
  7 ball pythons
  5 frilled lizards
  13 goblins
  10 rats
245 creatures vanquished.

Vanquished Creatures (collateral kills)
  A cyclops (D:9)
  2 humans (Bailey)
  An orc (Bailey)
  A goblin (Bailey)
5 creatures vanquished.

Vanquished Creatures (others)
  A troll (D:9)
  Prince Ribbit (Bailey)
  A black bear (D:6)
  A sleepcap (D:6)
  A kobold (D:10)
5 creatures vanquished.

Grand Total: 255 creatures vanquished

Notes
Turn   | Place    | Note
-------+----------+-------------------------------------------
     0 | D:1      | cdecastro the Troll Fighter began the quest for the Orb.
     0 | D:1      | Reached XP level 1. HP: 22/22 MP: 0/0
   299 | D:1      | Reached XP level 2. HP: 29/29 MP: 1/1
   648 | D:1      | Found a faded altar of an unknown god.
   648 | D:1      | Noticed a Tzitzimitl
   876 | D:2      | Reached XP level 3. HP: 37/37 MP: 2/2
  1706 | D:3      | Reached XP level 4. HP: 33/46 MP: 3/3
  1717 | D:3      | Reached skill level 3 in Unarmed Combat
  1885 | D:3      | Noticed Ijyb
  1899 | D:3      | Killed Ijyb
  1940 | D:3      | Found Zufeycwi's Antique Armour Shoppe.
  2008 | D:3      | You fall into a shaft and drop 3 floors!
  2008 | D:6      | Found a white marble altar of Elyvilon.
  2013 | D:6      | Became a worshipper of Elyvilon the Healer
  2016 | D:6      | Noticed a black bear
  2134 | D:6      | Noticed Menkaure
  2143 | D:6      | Killed Menkaure
  2144 | D:6      | Reached XP level 5. HP: 18/55 MP: 4/4
  2197 | D:6      | Reached skill level 4 in Unarmed Combat
  2197 | D:6      | Reached XP level 6. HP: 45/65 MP: 5/5
  2223 | D:5      | Entered Level 5 of the Dungeon
  2252 | D:5      | Found Nynn's Serpentskin Sales.
  2268 | D:5      | Reached skill level 5 in Fighting
  2376 | D:5      | Found a stormy altar of Qazlal.
  2449 | D:5      | Found a blossoming altar of Fedhas.
  2662 | D:5      | Reached * piety under Elyvilon
  2803 | D:4      | Found a transporter.
  2804 | D:4      | Noticed bahustanut's ghost (amateur TrBe)
  2811 | D:4      | Found a transporter.
  2837 | D:4      | Reached XP level 7. HP: 71/74 MP: 6/6
  2988 | D:3      | Noticed Sigmund
  3000 | D:3      | Killed Sigmund
  3001 | D:3      | Reached skill level 5 in Unarmed Combat
  3225 | D:3      | Reached ** piety under Elyvilon
  3376 | D:3      | Found a sparkling altar of Nemelex Xobeh.
  3574 | D:4      | Found Pafich's Distillery.
  3922 | D:4      | Reached *** piety under Elyvilon
  3990 | D:4      | Bought a potion of haste for 110 gold pieces
  3990 | D:4      | Bought a potion of heal wounds for 55 gold pieces
  3990 | D:4      | Bought a potion of curing for 33 gold pieces
  3990 | D:4      | Bought a potion of lignification for 33 gold pieces
  4617 | D:6      | Noticed a steam dragon
  4723 | D:6      | Reached XP level 8. HP: 61/84 MP: 7/7
  4801 | D:6      | Noticed Pikel
  5044 | D:6      | Killed Pikel
  5045 | D:6      | Reached skill level 6 in Unarmed Combat
  5127 | D:6      | Identified the +5 dire flail of Plog {heavy, rPois rC+
                  | Int+2 SInv}
  5127 | D:6      | Identified the +4 dire flail of Beogh's Righteous Fury
                  | {drain, Dex+2}
  5127 | D:6      | Noticed a two-headed ogre
  5129 | D:6      | Noticed jujuben's ghost (novice GrGl)
  5170 | D:6      | Found a transporter.
  5172 | D:6      | Found a transporter.
  5230 | D:6      | Noticed a hornet
  5235 | D:6      | Paralysed by a hornet for 2 turns
  5237 | D:6      | Killed a hornet
  5284 | D:6      | Found a staircase to the Ecumenical Temple.
  5296 | Temple   | Entered the Ecumenical Temple
  5754 | D:7      | Reached skill level 7 in Unarmed Combat
  5754 | D:7      | Reached XP level 9. HP: 42/97 MP: 8/8
  5830 | D:7      | Found a flagged portal.
  5941 | Bailey   | Entered a bailey
  6049 | Bailey   | Reached skill level 8 in Unarmed Combat
  6126 | Bailey   | Reached skill level 10 in Fighting
  6204 | Bailey   | Reached **** piety under Elyvilon
  6212 | Bailey   | Noticed a vault guard
  6212 | Bailey   | Noticed Prince Ribbit
  6218 | Bailey   | Your ally Prince Ribbit died
  6229 | Bailey   | Killed a vault guard
  6230 | Bailey   | Reached XP level 10. HP: 88/111 MP: 9/9
  6270 | Bailey   | Noticed a vault guard
  6278 | Bailey   | Killed a vault guard
  6279 | Bailey   | Reached skill level 9 in Unarmed Combat
  7002 | D:8      | Found Diunwa Jedu's Weapon Boutique.
  7237 | D:8      | Reached ***** piety under Elyvilon
  7345 | D:8      | Found a broken altar of Ashenzari.
  7583 | D:8      | Found a burning altar of Makhleb.
  7706 | D:9      | Found a hazy altar of Hepliaklqana.
  7721 | D:9      | Found a runed translucent door.
  7721 | D:9      | Noticed a cyclops
  7722 | D:9      | Noticed Wiggles's ghost (novice MiBe)
  7953 | D:9      | Noticed a cyclops
  7980 | D:9      | Killed a cyclops
  7981 | D:9      | Reached skill level 5 in Throwing
  8114 | D:9      | Noticed a two-headed ogre
  8125 | D:9      | a two-headed ogre changed into a floating eye
  8416 | D:9      | Noticed Maggie
  8417 | D:9      | Maggie changed into Maggie the ice beast
  8417 | D:9      | Noticed Maggie
  8425 | D:9      | Killed Maggie the ice beast
  8568 | D:10     | Entered Level 10 of the Dungeon
  8581 | D:9      | Reached skill level 10 in Unarmed Combat
  8708 | D:10     | Noticed a death yak
  8786 | D:9      | Reached XP level 11. HP: 94/119 MP: 10/10
  8846 | D:10     | Noticed a deep elf pyromancer
  8868 | D:10     | Killed a deep elf pyromancer
  9024 | D:10     | Noticed Psyche
  9034 | D:10     | Noticed Josephine
  9036 | D:10     | Killed Psyche
  9042 | D:10     | Killed Josephine
  9063 | D:10     | Noticed Erolcha
  9250 | D:4      | Killed bahustanut's ghost
  9337 | D:4      | Bought a potion of brilliance for 44 gold pieces
  9337 | D:4      | Bought a potion of mutation for 88 gold pieces
  9337 | D:4      | Bought a potion of cancellation for 88 gold pieces
  9457 | D:5      | Bought 4 curare-tipped darts for 52 gold pieces
  9669 | D:10     | Noticed a death yak
  9669 | D:10     | Noticed a death yak
  9670 | D:10     | Noticed Snorg
  9682 | D:9      | Killed a death yak
  9683 | D:9      | Reached skill level 11 in Unarmed Combat
  9686 | D:9      | Killed a death yak
  9829 | D:10     | Noticed Erica
  9837 | D:10     | Killed Erica
  9877 | D:10     | Elyvilon protects you from harm!
  9877 | D:10     | HP: 1/119 [Snorg (6)]
  9877 | D:10     | Slain by Snorg

Illustrated notes

Levels and vault maps discovered:
D:1:      matt_arrival_los_fun, layout_basic,
          dreamdust_ecumenical_altar_sealed_demon
D:2:      layout_basic
D:3:      layout_loops_ring, nemelex_dance_club_becter, serial_shops, shop,
          uniq_sigmund, uniq_ijyb
D:4:      layout_gridville, gammafunk_ghost_arena, nicolae_inconvenience_store,
          minmay_stone_trees_small
D:5:      layout_loops_ring, fedhas_altar_fruit_tree,
          nicolae_overflow_crystal_walls, guppyfry_shop_venom
D:6:      layout_cave_pools, mainiacjoe_overflow_six_doors_small,
          minmay_temple_entry_fiery, gammafunk_ghost_smash, uniq_pikel,
          uniq_menkaure
D:7:      layout_gridville, enter_bailey_5
D:8:      layout_gridville, nicolae_ashenzari_panopticon, makhleb_grotto_becter,
          serial_shops, shop, grunt_ministairs_9, minmay_misc_feat_room
D:9:      layout_grid_maze, mainiacjoe_overflow_brackets,
          ebering_ghost_inner_flame, uniq_maggie
D:10:     layout_rooms, nicolae_yredelemnul_corpse_copse, dpeg_lair_monsters,
          uniq_josephine, uniq_erica, uniq_erolcha, uniq_snorg, uniq_psyche
Temple:   nicolae_temple_bog_church

Skill      XL: |  1  2  3  4  5  6  7  8  9 10 11 |
---------------+----------------------------------+-----
Fighting       | 3 4 5 6 8 10 | 10.4
Unarmed Combat | 3 4 5 7 8 10 11 | 11.3
Throwing       | 6 9 |  9.2
Dodging        | |  2.4
Shields        | |  2.6

Action                     |  1- 3 |  4- 6 |  7- 9 | 10-12 || total
---------------------------+-------+-------+-------+-------++-------
  Melee: Unarmed           |   112 |    52 |    23 |   215 ||   402
         Dagger            |       |    94 |   303 |   101 ||   498
  Throw: Dart              |       |       |    13 |    11 ||    24
 Invoke: Purification      |       |       |       |     1 ||     1
  Evoke: Wand              |       |       |     7 |    34 ||    41
    Use: Scroll            |       |       |       |     7 ||     7
         Potion            |       |       |       |     1 ||     1
   Stab: Sleeping          |     1 |       |     1 |       ||     2
         Distracted        |       |     1 |       |       ||     1
         Confused          |       |       |       |     2 ||     2
 Armour: Robe              |    44 |    19 |    24 |       ||    87
         Acid dragon scale |       |       |    69 |   118 ||   187
         Skin              |       |       |       |    10 ||    10
  Dodge: Dodged            |    32 |    32 |   133 |   141 ||   338
  Block: Kite shield       |    34 |    58 |   160 |   176 ||   428
